 Dungeon Crawl Stone Soup version 0.30.1-1-g62c8e00024 (webtiles) character file.

Game seed: 6297654360190872009

174 Wiggles the Chopper (level 5, 0/70 HPs)
             Began as a Minotaur Berserker on July 17, 2023.
             Was a Priest of Trog.
             Slain by a bullfrog (6 damage)
             ... in a sewer.
             The game lasted 00:03:26 (2163 turns).

Wiggles the Chopper (Minotaur Berserker)            Turns: 2163, Time: 00:03:27

Health: 0/70       AC:  4    Str: 23    XL:     5   Next: 28%
Magic:  4/4        EV:  9    Int:  4    God:    Trog [***...]
Gold:   120        SH: 10    Dex: 10    Spells: 4/4 levels left

rFire   . . .        a - +0 hand axe
rCold   . . .        r - +0 tower shield
rNeg    . . .        g - +0 leather armour
rPois   .            (helmet restricted)
rElec   .            o - +0 cloak
rCorr   .            (no gloves)
SInv    .            (no boots)
Will    +....        (no amulet) Stlth
                     i - ring of willpower
HPRegen 0.31/turn    (no ring)
MPRegen 0.09/turn

%: no passive effects
@: berserking (expiring), lethally poisoned (0 -> -2), slow
A: horns 2, retaliatory headbutt
a: Renounce Religion, Berserk, Trog's Hand


You were in a sewer.
You worshipped Trog.
Trog was most pleased with you.
You visited 1 branch of the dungeon, and saw 3 of its levels.
You also visited: Sewer.

You collected 120 gold pieces.

Inventory:

Hand Weapons
 a - a +0 hand axe (weapon)
Armour
 g - a +0 leather armour (worn)
 o - a +0 cloak (worn)
 r - a +0 tower shield (worn)
Jewellery
 i - a ring of willpower (left hand)
Scrolls
 b - a scroll of immolation {unknown}
 c - 3 scrolls of fog {unknown}
 d - 6 scrolls of identify {unknown}
 h - a scroll of brand weapon {unknown}
 j - 3 scrolls of fear {unknown}
 k - a scroll of acquirement {unknown}
 l - 5 scrolls of enchant weapon {unknown}
 q - 4 scrolls of teleportation {unknown}
 t - a scroll of butterflies {unknown}
Potions
 e - a potion of attraction {unknown}
 f - a potion of lignification {unknown}
 m - a potion of mutation {unknown}
 n - 2 potions of haste {unknown}
 p - a potion of heal wounds {unknown}
 s - a potion of resistance {unknown}


   Skills:
 + Level 4.7 Fighting
 + Level 5.1 Axes
 + Level 3.1 Armour
 + Level 3.2 Dodging
 + Level 1.1 Stealth
 + Level 1.2 Shields


You had 4 spell levels left.
You didn't know any spells.
Your spell library was empty.

Dungeon Overview and Level Annotations

Branches:
Dungeon (3/15)              Sewer (1/1)

Altars:


Innate Abilities, Weirdness & Mutations

You have a pair of horns on your head.
You reflexively headbutt those who attack you in melee.


Message History

Trog accepts your kill.
You hit the bullfrog. You hit the frilled lizard.
You feel the power of Trog in you as your rage grows.
You kill the frilled lizard!
Trog accepts your kill.
You slash the adder! You block the adder's attack.
You block the bullfrog's attack. The bullfrog barely misses you.
Your unstable footing causes you to fumble your attack.
The bullfrog hits you.
* * * LOW HITPOINT WARNING * * *
The bullfrog barely misses you. You block the adder's attack.
You block the frilled lizard's attack. The bullfrog hits you.
* * * LOW HITPOINT WARNING * * *
You barely miss the bullfrog.
The bullfrog is almost dead.
You slash the frilled lizard!
You kill the frilled lizard!
Trog accepts your kill.
You hit the adder. You closely miss the bullfrog. The bullfrog hits you.
* * * LOW HITPOINT WARNING * * *
You block the adder's attack. The bullfrog hits you.
* * * LOW HITPOINT WARNING * * *
You block the bullfrog's attack. The adder bites you.
* * * LOW HITPOINT WARNING * * *
You are poisoned.
The adder poisons you! Why would you want to do that?
Your unstable footing causes you to fumble your attack.
You feel sick. You block the bullfrog's attack.
The bullfrog closely misses you. You furiously retaliate!
You headbutt the bullfrog. The adder closely misses you.
Why would you want to do that?
You barely miss the bullfrog.
The bullfrog is almost dead.
You miss the adder. You barely miss the bullfrog.
You feel sick. The bullfrog hits you.
* * * LOW HITPOINT WARNING * * *
The bullfrog closely misses you. The adder bites you but does no damage.
The bullfrog hits you.
You die...

≈≈~†~≈#
#≈≈~~≈≈#
≈≈≈≈~~#
#≈~~~~≈#
≈≈~~†~#
#≈~~~≈≈#
≈..~~≈#
#≈≈~~≈~#
~~.)~≈#
#≈≈~#~~#
≈...~##
#≈≈≈~.~#
~~≈≈≈≈#
#≈≈≈~.~#
~~≈≈≈≈#
#≈≈≈≈~≈#
~~~≈≈≈#
#≈≈F@S≈#
≈~~~~~#
#≈~†F†≈#
≈≈≈≈~~#
#≈~~≈≈≈#
≈≈≈~~≈#
#~~~≈≈≈#
~~≈~~≈#
#~~#~≈≈#
.~~.~##
##.~~.##
......#
......
.....##
#......
.....#


You could see 2 bullfrogs and an adder.

Vanquished Creatures
  5 adders
  6 river rats (Sewer)
  A worm (D:2)
  10 ball pythons (Sewer)
  5 bats
  5 endoplasms
  4 giant cockroaches
  5 goblins (D:1)
  7 hobgoblins
  2 jackals (D:1)
  A quokka (D:2)
  5 frilled lizards
  A kobold (D:2)
  24 rats
81 creatures vanquished.

Notes
Turn   | Place    | Note
-------+----------+-------------------------------------------
     0 | D:1      | Wiggles the Minotaur Berserker began the quest for the Orb.
     0 | D:1      | Reached XP level 1. HP: 19/19 MP: 0/0
   535 | D:1      | Reached XP level 2. HP: 26/27 MP: 1/1
   590 | D:1      | Reached skill level 4 in Axes
  1032 | D:2      | Reached XP level 3. HP: 10/34 MP: 2/2
  1446 | D:2      | Reached ** piety under Trog
  1817 | D:3      | Found a glowing drain.
  1821 | Sewer    | Entered a sewer
  1845 | Sewer    | Reached XP level 4. HP: 28/41 MP: 3/3
  1967 | Sewer    | Reached skill level 1 in Stealth
  2061 | Sewer    | Reached skill level 5 in Axes
  2061 | Sewer    | Reached skill level 1 in Shields
  2062 | Sewer    | Reached XP level 5. HP: 47/47 MP: 4/4
  2152 | Sewer    | Reached *** piety under Trog
  2163 | Sewer    | Slain by a bullfrog

Illustrated notes

Levels and vault maps discovered:
D:1:      tarquinn_simple_flora_water_b, layout_basic
D:2:      layout_loops_ring, ebering_dispersal_statue_hall,
          amcnicky_mini_corridor_feature
D:3:      layout_loops_ring, gup_sewer_entry_bowl, uniq_grinder, uniq_sigmund,
          uniq_ijyb, uniq_terence, uniq_crazy_yiuf_cottage
Sewer:    sewer_minmay_w

Skill      XL: |  1  2  3  4 |
---------------+-------------+-----
Fighting       | 4 |  4.7
Axes           | 4 5 |  5.1
Armour         | 3 |  3.1
Stealth        | 1 |  1.1
Shields        | 1 |  1.2
Dodging        | 3 |  3.2

Action                     |  1- 3 |  4- 6 || total
---------------------------+-------+-------++-------
  Melee: Hand axe          |    96 |    64 ||   160
         Headbutt          |    13 |     5 ||    18
 Invoke: Berserk           |       |     3 ||     3
   Stab: Sleeping          |     1 |       ||     1
 Armour: Animal skin       |     5 |       ||     5
         Leather armour    |    26 |    28 ||    54
  Dodge: Dodged            |    50 |    39 ||    89
  Block: Tower shield      |    13 |    50 ||    63
